 Dungeon Crawl Stone Soup version 0.31-a0-202-g547052bce9 (webtiles) character file.

Game seed: 14347518571355676827

34 qw the Shooter (level 3, 0/20 HPs)
             Began as a Deep Elf Hunter on June 26, 2023.
             Succumbed to their own poison gas
             ... on level 1 of the Dungeon.
             The game lasted 00:00:22 (788 turns).

qw the Shooter (Deep Elf Hunter)                     Turns: 788, Time: 00:00:22

Health: 0/20       AC:  5    Str: 16    XL:     3   Next: 14%
Magic:  5/5        EV: 11    Int: 13    God:
Gold:   85         SH:  0    Dex: 18    Spells: 2/2 levels left

rFire   . . .        Y - +0 shortbow
rCold   . . .        (shield currently unavailable)
rNeg    . . .        d - +0 ring mail
rPois   .            (no helmet)
rElec   .            (no cloak)
rCorr   .            (no gloves)
SInv    .            (no boots)
Will    .....        (no amulet)
Stlth   +            c - +6 ring of strength
HPRegen 0.23/turn    (no ring)
MPRegen 0.09/turn

%: no passive effects
@: lethally poisoned (0 -> -1), weak-willed, enlightened, flying
A: no striking features
a: no special abilities


You were on level 1 of the Dungeon.
You visited 1 branch of the dungeon, and saw 1 of its levels.

You collected 85 gold pieces.


   Skills:
 - Level 1.5 Fighting
 + Level 6.7 Ranged Weapons
 - Level 2.4 Dodging
 - Level 1.2 Stealth


You had 2 spell levels left.
You didn't know any spells.
Your spell library was empty.

Inventory:

Hand Weapons
 Y - a +0 shortbow (weapon)
Armour
 d - a +0 ring mail (worn)
Jewellery
 c - a +6 ring of strength (left hand)
Potions
 g - a potion of enlightenment

Dungeon Overview and Level Annotations

Branches:
Dungeon (1/15)

Altars:


Message History

Really abort (and waste the scroll)?
Partly explored, can't reach some places.
779 ||| DRINKING 2 lumpy purple potions.
It was a potion of enlightenment.
You feel very buoyant.
You fly up into the air.
Partly explored, can't reach some places.
780 ||| DROPPING scroll of butterflies.
You drop a scroll of butterflies.
Partly explored, can't reach some places.
(D) Dungeon
Where to? (* - list waypoints, ? - help)
What level of the Dungeon? (default 1, ? - help) Sorry, I don't know how to get there.
Enter note:
Enter note:
Enter note:
Enter note:
Enter note:
Enter note:
Enter note:
Enter note:
Enter note: Really fly into that cloud of poison gas?
You are engulfed in poison gas.
You are poisoned.
You feel very sick.
782 ||| Stepping ~*~*~tactically~*~*~ (cloud).
You feel very sick.
You see here a scroll of butterflies.
There is a lethal amount of poison in your body!
You feel sick.
There is a lethal amount of poison in your body!
You feel sick.
There is a lethal amount of poison in your body!
You feel sick.
There is a lethal amount of poison in your body!
You feel sick.
There is a lethal amount of poison in your body!
You feel sick.
There is a lethal amount of poison in your body!
You die...

###.####### #..#
###..[##...0# ##.#
#.....%..P#.######.# #
#.P.P77.P¤0.¤.#....# ##
#..P.7777000#.#.#..###.
#..P77PP..++#0..#..##..
#PP7P¤0P..¤00¤###...%>#
#P77¤.P0..¤0.¤# #######
#.7.0P@¤0.00.0#######
#0P70¤......0.'.....#
#.0P0¤0¤00¤00.#####.###
##P0¤¤¤¤0.#.#.........#
##¤#######.#####....##
#0..# #...##....##.
###.7.7######.#....##..
#.....#...........##...
#.7#7.7.#####....##....


There were no monsters in sight!

Vanquished Creatures
  3 ball pythons (D:1)
  4 bats (D:1)
  2 endoplasms (D:1)
  A giant cockroach (D:1)
  5 hobgoblins (D:1)
  4 jackals (D:1)
  A quokka (D:1)
  2 frilled lizards (D:1)
  3 goblins (D:1)
  A kobold (D:1)
  3 rats (D:1)
29 creatures vanquished.

Notes
Turn   | Place    | Note
-------+----------+-------------------------------------------
     0 | D:1      | qw the Deep Elf Hunter began the quest for the Orb.
     0 | D:1      | Reached XP level 1. HP: 12/12 MP: 3/3
     0 | D:1      | 0 ||| qw: Version: 0.3-a-22-g0ed2b0b
     0 | D:1      | 0 ||| qw: Game counter: 6146
     0 | D:1      | 0 ||| qw: Melee chars always use a shield: true
     0 | D:1      | 0 ||| qw: God list: Okawaru
     0 | D:1      | 0 ||| qw: Allow faded altars: false
     0 | D:1      | 0 ||| qw: Do Orc after clearing Dungeon:15 true
     0 | D:1      | 0 ||| qw: Do second Lair branch before Depths: true
     0 | D:1      | 0 ||| qw: Lair rune preference: random
     0 | D:1      | 0 ||| qw: Goals: Normal
     0 | D:1      | 0 ||| PLANNING D:1-11
   256 | D:1      | 256 ||| UPGRADING to +0 ring mail.
   287 | D:1      | 287 ||| DROPPING +0 leather armour.
   311 | D:1      | Reached XP level 2. HP: 16/16 MP: 4/4
   325 | D:1      | Reached skill level 6 in Ranged Weapons
   517 | D:1      | Found a faded altar of an unknown god.
   547 | D:1      | Reached XP level 3. HP: 20/20 MP: 5/5
   773 | D:1      | 773 ||| UPGRADING to +6 ring of strength.
   774 | D:1      | 774 ||| READING scroll labelled IME FEGAOTWU.
   775 | D:1      | 775 ||| READING scroll labelled TYSEIPPINUNG.
   776 | D:1      | 776 ||| READING scroll labelled YVVINIPTOT.
   777 | D:1      | 777 ||| READING scroll labelled LASTRO KORI.
   778 | D:1      | 778 ||| READING scroll labelled TARYL LUGROYXA.
   779 | D:1      | 779 ||| DRINKING 2 lumpy purple potions.
   780 | D:1      | 780 ||| DROPPING scroll of butterflies.
   782 | D:1      | 782 ||| Stepping ~*~*~tactically~*~*~ (cloud).
   783 | D:1      | HP: 5/20 [poisoned by you (poison gas)]
   786 | D:1      | HP: 2/20 [poisoned by you (poison gas)]
   788 | D:1      | Succumbed to their own poison gas

Levels and vault maps discovered:
D:1:      ncdulo_halloftheorcs, layout_basic, serial_forest,
          infiniplex_forest_lined_corner, infiniplex_forest_lined_2,
          infiniplex_forest_lined_3, infiniplex_forest_straight_1,
          infiniplex_forest_clump_curved, infiniplex_forest_zigzag_1,
          infiniplex_forest_zigzag_1, infiniplex_forest_straight_2,
          infiniplex_forest_end_2, infiniplex_forest_lined_2,
          shapermc_ecumenical_altar_starsandcircs, nrook_mini_backslash,
          roderic_roman_lattice

Skill      XL: |  1  2 |
---------------+-------+-----
Ranged Weapons | 6 |  6.7
Fighting       | |  1.5
Dodging        | |  2.4
Stealth        | |  1.2

Action                     || total
---------------------------++-------
   Fire: Shortbow          ||    69
    Use: Scroll            ||     5
         Potion            ||     1
 Armour: Ring mail         ||    10
  Dodge: Dodged            ||    27

Table legend:
 A = Non-vault XP
 B = Vault XP
 C = Vault XP percentage of total XP
 D = Non-vault monster count
 E = Vault monster count
 F = Vault count percentage of total count
                 A         B        C        D         E       F
            +---------+---------+-------+---------+---------+-------
      Total |      49 |       0 |   0.0 |      29 |       0 |   0.0
            +---------+---------+-------+---------+---------+-------
        D:1 |      49 |       0 |   0.0 |      29 |       0 |   0.0
            +---------+---------+-------+---------+---------+-------
